Map: Realities Simulation LE

Players

WAZPINATOR

  • Race: Zerg Zerg
  • League: Diamond
  • Spawn Location: 9:00

StickLane

  • Race: Protoss Protoss
  • Spawn Location: 12:00

MechMyDay

  • Race: Terran Terran
  • Spawn Location: 11:00

Yourself

  • Race: Protoss Protoss
  • Spawn Location: 6:00

mmun

  • Race: Zerg Zerg
  • League: Diamond
  • Spawn Location: 5:00

FAir

  • Race: Protoss Protoss
  • Spawn Location: 3:00

VOD

Have the link to the VOD?

Description

sweet mine hit

Time

  • Played on: Aug. 26, 2022, 9:37 p.m.
  • Length: 24:25
Show
View Real Time Build Order
Export as new Build Order

WAZPINATOR Zerg 

Build Orders: Hatch First 

Get SALT Encoding   

  12  0:00  Drone  
  13  0:12  Overlord  
  13  0:16  Drone  
  14  0:31  Drone x2  
  16  0:52  Hatchery  
  16  0:54  Drone  
  16  0:56  Drone  
  17  1:01  Drone  
  18  1:05  Extractor  
  17  1:19  Spawning Pool  
  17  1:22  Drone  
  17  1:30  Drone x2  
  19  1:42  Drone  
  20  1:50  Drone  
  21  1:58  Evolution Chamber  
  21  2:00  Drone  
  21  2:05  Queen  
  21  2:06  Queen  
  25  2:09  Drone  
  25  2:13  Drone  
  27  2:17  Overlord  
  27  2:26  Drone  
  27  2:29  Zerg Ground Armor Level 1  
  28  2:37  Drone x3  
  31  2:50  Drone x2  
  30  3:25  Drone x6  
  36  3:30  Metabolic Boost  
  36  3:57  Hatchery  
  36  4:02  Drone  
  36  4:08  Overlord  
  36  4:11  Overlord  
  36  4:32  Zergling x24  
  48  4:45  Zergling x4  
  50  4:46  Zerg Melee Weapons Level 1  
  50  4:55  Zergling x4, Hatchery  
  51  5:07  Drone  
  51  5:09  Drone  
  51  5:12  Overlord x2  
  51  5:14  Drone x2  
  55  5:23  Zergling x4  
  55  5:24  Zergling x2  
  55  5:26  Zergling x2  
  55  5:27  Zergling x2  
  55  5:28  Zergling x2  
  58  5:33  Drone x3  
  60  5:43  Zergling x2  
  60  5:44  Zergling x4  
  63  5:52  Queen  
  63  5:53  Zergling x6  
  68  6:00  Hatchery  
  68  6:02  Zergling x4  
  69  6:08  Zergling x4  
  71  6:12  Drone  
  71  6:13  Drone  
  71  6:14  Drone  
  78  6:25  Drone x6  
  80  6:34  Overlord x3  
  80  6:40  Extractor  
  80  6:43  Extractor  
  80  6:44  Extractor  
  70  6:57  Zergling x26  
  83  7:13  Zergling x12  
  86  7:23  Drone x6  
  92  7:34  Zergling x8  
  92  7:43  Drone x2  
  89  7:57  Drone  
  90  8:09  Drone x3  
  90  8:10  Drone x4  
  97  8:17  Extractor  
  96  8:42  Lair  
  96  8:45  Drone x5  
  101  8:52  Hatchery  
  100  9:16  Drone  
  100  9:17  Drone x2  
  103  9:25  Zerg Missile Weapons Level 1  
  103  9:27  Baneling Nest  
  102  9:32  Evolution Chamber  
  101  9:43  Zergling x18  
  101  9:44  Zergling x2  
  101  9:45  Zergling x2  
  101  9:56  Zergling x18  
  99  10:10  Drone x6  
  98  10:32  Drone x12  
  107  10:40  Drone x6  
  113  10:48  Drone x3  
  96  11:36  Zergling x2  
  96  11:37  Zergling x34  
  114  11:43  Infestation Pit  
  110  11:48  Lair  
  109  11:58  Zergling x2  
  103  12:12  Hatchery  
  102  12:17  Spawning Pool  
  100  13:04  Hive  
  100  13:11  Hydralisk Den  
  99  13:21  Overlord x5  
  99  13:22  Overlord  
  99  13:29  Hatchery  
  98  13:51  Infestor x7  
  114  14:00  Burrow  
  114  14:09  Neural Parasite  
  112  14:16  Zergling x10  
  112  14:17  Zergling x8  
  121  14:35  Adrenal Glands  
  93  14:54  Zergling x2  
  93  14:55  Zergling x30  
  104  15:13  Zergling x2  
  104  15:14  Zergling x12  
  111  15:28  Pathogen Glands  
  111  15:38  Infestor x3  
  111  15:39  Infestor  
  96  16:18  Zergling x34  
  106  16:22  Zergling x6  
  116  16:26  Zergling x2  
  116  16:31  Zergling x8  
  121  16:46  Infestor x4  
  129  17:12  Hatchery  
  128  17:17  Infestor  
  128  17:18  Infestor  
  117  18:00  Infestor x2  
  121  18:13  Infestor  
  121  18:15  Zergling x6  
  121  18:16  Zergling x30  
  117  18:54  Hydralisk  
  117  18:55  Hydralisk x8  
  133  19:01  Zergling x2  
  133  19:02  Zergling x10  
  125  19:37  Zergling x2  
  119  20:25  Zergling x4  
  108  22:54  Infestor x12  
Show
View Real Time Build Order
Export as new Build Order

StickLane Protoss 

Build Orders: 1 Gate Expand, Carriers 

Get SALT Encoding   

  12  0:01  Probe  
  13  0:13  Probe  
  14  0:20  Pylon  
  14  0:25  Probe  
  15  0:38  Probe (Chrono Boost)  
  15  0:39  Gateway  
  16  0:46  Assimilator  
  17  0:50  Probe (Chrono Boost)  
  17  0:57  Probe (Chrono Boost)  
  18  1:04  Probe  
  19  1:16  Probe  
  20  1:28  Nexus  
  20  1:37  Cybernetics Core  
  20  1:42  Probe  
  21  1:48  Assimilator  
  21  1:57  Probe  
  22  2:11  Probe  
  23  2:17  Warp Gate  
  23  2:20  Pylon  
  23  2:31  Stargate  
  23  2:38  Probe  
  24  2:47  Forge  
  24  2:50  Gateway, Probe  
  25  2:52  Stalker (Chrono Boost)  
  25  2:53  Probe  
  28  3:01  Pylon  
  28  3:10  Pylon  
  28  3:11  Probe  
  29  3:14  Probe  
  30  3:25  Probe  
  35  3:34  Void Ray (Chrono Boost)  
  35  3:38  Probe  
  36  3:42  Photon Cannon  
  36  3:44  Probe  
  37  3:50  Probe  
  38  3:56  Photon Cannon  
  38  3:58  Probe  
  40  4:02  Probe (Chrono Boost)  
  40  4:10  Probe (Chrono Boost)  
  40  4:15  Probe (Chrono Boost)  
  46  4:20  Probe (Chrono Boost)  
  46  4:22  Assimilator, Void Ray  
  46  4:23  Assimilator  
  47  4:27  Probe  
  47  4:29  Pylon  
  48  4:33  Probe  
  49  4:39  Probe  
  49  4:45  Probe  
  51  4:51  Probe  
  52  4:57  Probe  
  53  5:03  Probe  
  53  5:05  Stalker x2  
  62  5:09  Void Ray (Chrono Boost), Probe  
  63  5:15  Probe  
  63  5:17  Pylon  
  64  5:21  Probe  
  64  5:27  Pylon  
  65  5:32  Robotics Facility  
  65  5:36  Gateway  
  65  5:48  Stalker x2  
  69  5:51  Probe x2  
  71  6:03  Probe  
  66  6:13  Stalker x2  
  66  6:14  Probe  
  66  6:15  Probe  
  72  6:22  Photon Cannon  
  72  6:25  Photon Cannon  
  72  6:26  Probe  
  72  6:28  Observer  
  74  6:36  Stargate  
  74  6:38  Probe  
  74  6:39  Probe  
  76  6:41  Stargate  
  76  6:50  Nexus, Probe  
  76  6:51  Probe  
  78  6:54  Pylon  
  78  6:57  Pylon  
  78  6:59  Pylon  
  78  7:05  Probe x2  
  80  7:08  Stalker x3  
  80  7:13  Pylon  
  90  7:17  Probe x2, Pylon  
  90  7:18  Void Ray, Pylon x2  
  92  7:28  Fleet Beacon, Protoss Air Weapons Level 1 (Chrono Boost)  
  92  7:29  Probe x2  
  94  7:40  Photon Cannon  
  94  7:42  Photon Cannon  
  94  7:45  Shield Battery  
  94  7:48  Gateway  
  94  7:50  Gateway  
  94  7:56  Void Ray  
  94  7:57  Probe (Chrono Boost)  
  100  8:01  Probe (Chrono Boost)  
  100  8:04  Carrier x2, Assimilator  
  101  8:06  Assimilator  
  101  8:08  Probe (Chrono Boost)  
  101  8:10  Stargate  
  101  8:11  Probe (Chrono Boost)  
  102  8:17  Probe, Stargate  
  102  8:18  Probe  
  116  8:28  Carrier  
  122  8:41  Nexus  
  122  8:42  Pylon  
  122  8:45  Pylon  
  122  8:47  Probe  
  122  8:48  Probe x2  
  125  8:50  Pylon  
  131  8:55  Carrier  
  131  8:59  Pylon  
  131  9:00  Twilight Council  
  131  9:06  Carrier x2, Cybernetics Core  
  131  9:07  Pylon  
  131  9:09  Photon Cannon  
  143  9:10  Pylon  
  143  9:12  Photon Cannon  
  143  9:16  Gateway  
  143  9:18  Photon Cannon  
  143  9:20  Shield Battery  
  143  9:22  Gateway  
  143  9:24  Pylon  
  143  9:31  Stalker x2  
  145  9:38  Pylon  
  130  9:47  Pylon  
  112  9:57  Pylon  
  104  10:06  Carrier (Chrono Boost)  
  104  10:07  Carrier x2 (Chrono Boost)  
  108  10:19  Carrier (Chrono Boost)  
  107  10:29  Zealot x6  
  101  10:53  Carrier (Chrono Boost)  
  95  11:07  Carrier (Chrono Boost)  
  107  11:19  Carrier (Chrono Boost)  
  107  11:20  Protoss Air Weapons Level 2 (Chrono Boost)  
  107  11:27  Carrier (Chrono Boost)  
  119  11:37  Carrier (Chrono Boost)  
  119  11:48  Pylon  
  119  11:49  Assimilator  
  125  11:57  Carrier (Chrono Boost), Observer  
  125  12:01  Carrier (Chrono Boost)  
  132  12:15  Carrier  
  138  12:16  Nexus  
  138  12:17  Pylon  
  138  12:19  Pylon  
  138  12:21  Pylon  
  138  12:31  Carrier  
  138  12:34  Carrier  
  150  12:54  Carrier  
  150  12:58  Carrier  
  150  13:32  Carrier  
  156  13:35  Carrier  
  134  14:00  Carrier  
  134  14:01  Carrier  
  146  14:36  Carrier  
  152  14:42  Photon Cannon  
  152  14:43  Photon Cannon  
  152  14:46  Photon Cannon  
  152  14:53  Zealot x2  
  152  14:54  Zealot x3  
  145  15:43  Pylon  
  145  15:45  Pylon  
  145  15:46  Pylon  
  145  16:04  Carrier x2  
  145  16:29  Carrier  
  148  16:43  Nexus  
  148  16:44  Protoss Air Weapons Level 3 (Chrono Boost)  
  148  16:46  Pylon  
  148  16:49  Pylon  
  148  16:51  Pylon  
  148  16:53  Assimilator  
  148  16:55  Assimilator  
  148  16:58  Observer  
  149  17:04  Carrier  
  155  17:08  Photon Cannon  
  155  17:11  Nexus, Photon Cannon  
  155  17:13  Photon Cannon, Pylon  
  155  17:15  Photon Cannon, Pylon  
  155  17:18  Pylon  
  155  17:19  Photon Cannon  
  155  17:20  Shield Battery  
  155  17:22  Shield Battery  
  155  17:26  Shield Battery  
  155  17:27  Photon Cannon  
  155  17:31  Photon Cannon  
  155  17:34  Photon Cannon  
  155  17:37  Photon Cannon  
  155  17:39  Pylon  
  155  17:44  Pylon  
  149  17:59  Robotics Bay  
  149  18:02  Photon Cannon  
  149  18:03  Photon Cannon  
  149  18:05  Photon Cannon  
  143  18:07  Photon Cannon  
  143  18:09  Photon Cannon  
  143  18:10  Photon Cannon  
  137  18:15  Photon Cannon  
  137  18:17  Photon Cannon  
  130  18:56  Carrier x2  
  142  19:54  Zealot x2  
  142  19:55  Zealot  
  141  20:07  Pylon  
  131  20:08  Pylon  
  119  20:51  Zealot x3  
  97  21:32  Probe  
  97  21:41  Carrier  
  97  21:53  Carrier  
  97  22:02  Pylon  
  97  22:07  Pylon  
  79  22:18  Probe  
  56  23:36  Observer (Chrono Boost)  
  51  23:50  Observer (Chrono Boost)  
Show
View Real Time Build Order
Export as new Build Order

MechMyDay Terran 

Build Orders: Reaper Expand, Mech 

Get SALT Encoding   

  12  0:00  SCV  
  13  0:13  SCV  
  14  0:19  Supply Depot  
  14  0:25  SCV  
  15  0:41  SCV  
  15  0:42  Barracks  
  16  0:46  Refinery  
  16  0:53  SCV  
  17  1:08  SCV  
  18  1:20  Supply Depot  
  18  1:24  SCV  
  19  1:35  Reaper  
  19  1:37  Orbital Command  
  20  2:03  Command Center  
  20  2:05  SCV  
  20  2:08  Marine  
  22  2:21  SCV  
  22  2:22  Refinery  
  23  2:24  Supply Depot  
  23  2:33  SCV  
  24  2:45  Factory, SCV  
  24  2:47  Barracks Reactor  
  25  3:13  SCV  
  25  3:19  Engineering Bay  
  26  3:25  SCV  
  26  3:26  Supply Depot  
  27  3:38  Factory  
  27  3:41  Orbital Command, Hellion x2  
  31  3:52  SCV  
  31  4:03  Missile Turret  
  31  4:04  Command Center, SCV  
  32  4:12  SCV  
  32  4:16  SCV  
  34  4:22  Factory Tech Lab, Hellion x2  
  38  4:27  SCV  
  38  4:29  SCV  
  40  4:43  Hellion x2  
  40  4:44  Cyclone  
  47  4:53  SCV x2  
  47  4:57  Armory  
  47  4:59  Armory  
  49  5:10  SCV x2  
  49  5:11  Refinery  
  51  5:15  Refinery  
  51  5:22  SCV x2  
  53  5:45  Cyclone  
  53  5:46  Hellion  
  53  5:47  Hellion  
  53  5:49  SCV x2  
  62  5:50  Orbital Command  
  62  5:53  Terran Vehicle Weapons Level 1, Terran Vehicle And Ship Armor Level 1  
  62  5:55  Factory  
  62  5:57  Factory  
  56  6:13  SCV x2  
  56  6:14  Hellion x2  
  62  6:22  Factory  
  62  6:23  Cyclone  
  65  6:29  SCV x2  
  65  6:30  Missile Turret  
  65  6:31  SCV  
  68  6:41  Factory Tech Lab, SCV  
  68  6:42  Factory Tech Lab  
  68  6:44  Hellion x2  
  74  6:47  SCV x2  
  74  6:51  Refinery  
  75  6:59  SCV x2  
  77  7:05  SCV  
  78  7:19  SCV  
  78  7:20  SCV  
  78  7:21  Factory Reactor  
  80  7:25  Hellion x2  
  80  7:26  Siege Tank x2  
  80  7:27  Siege Tank  
  93  7:42  Infernal Pre-Igniter  
  93  7:43  Mag-Field Accelerator  
  93  7:50  Supply Depot  
  93  7:51  Supply Depot  
  93  7:57  Factory  
  93  7:59  Refinery  
  93  8:09  Hellion x2, Siege Tank  
  93  8:12  Siege Tank x2  
  106  8:33  Hellion x4  
  114  8:34  Terran Vehicle And Ship Armor Level 2  
  114  8:37  Terran Vehicle Weapons Level 2  
  114  8:41  Siege Tank  
  117  9:00  Command Center  
  117  9:22  Supply Depot x2  
  117  9:25  Supply Depot  
  117  9:29  Cyclone, Hellion x4, SCV x2, Supply Depot x2, Siege Tank  
  133  9:44  Cyclone, SCV  
  137  9:50  Hellion  
  139  9:56  SCV  
  139  9:58  SCV x2  
  142  10:08  SCV  
  140  10:21  Hellion x3, Siege Tank x3  
  152  10:22  Hellion  
  157  10:42  Hellion  
  132  10:56  Cyclone x2  
  132  10:57  Cyclone, Hellion x3  
  131  11:28  Siege Tank x2  
  131  11:29  Siege Tank  
  139  12:00  Siege Tank  
  142  12:06  Siege Tank x2  
  142  12:07  Hellion x3  
  142  12:08  Hellion  
  139  12:46  Hellion, Siege Tank x3  
  139  12:47  Hellion x2  
  137  13:18  Siege Tank  
  140  13:23  Siege Tank x2  
  140  13:24  Hellion x4  
  154  13:31  Terran Vehicle Weapons Level 3  
  148  13:50  Siege Tank  
  148  13:55  Siege Tank  
  118  14:25  Siege Tank x2  
  118  14:26  Hellion x3  
  118  14:27  Siege Tank  
  133  14:33  Factory x3  
  133  14:34  Factory  
  125  14:57  Siege Tank  
  128  15:01  Hellion x2, Siege Tank x2  
  128  15:02  Hellion x2  
  139  15:23  Hellion  
  82  16:11  Factory Tech Lab x2, Siege Tank x3  
  81  16:12  Factory Tech Lab  
  81  16:13  Factory Tech Lab, Hellion x4  
  83  16:32  Siege Tank x2  
  89  16:33  Siege Tank x2  
  95  16:42  Hellion x3  
  95  16:43  Siege Tank  
  95  16:45  Command Center  
  104  16:56  Siege Tank x2  
  104  16:57  Hellion  
  112  17:03  Hellion x3  
  112  17:04  Siege Tank  
  112  17:05  Siege Tank x3  
  132  17:15  Hellion  
  132  17:19  Hellion  
  134  17:24  Hellion  
  134  17:28  Siege Tank x2  
  142  17:36  Siege Tank  
  145  17:43  Siege Tank x3  
  145  17:44  Hellion x2, Siege Tank  
  157  17:45  Hellion  
  163  18:00  Siege Tank x2  
  169  18:08  Siege Tank  
  172  18:28  Thor  
  172  18:30  Hellion x2  
  149  18:47  Hellion x2  
  149  18:48  Hellion  
  81  21:21  Hellion x2  
  81  21:22  Hellion x2  
  81  21:23  Hellion x4  
  88  21:36  Hellion  
  36  22:38  Orbital Command, Siege Tank x2  
  36  22:39  Siege Tank x3  
  36  22:40  Hellion x3  
  11  23:43  Hellion  
  11  23:44  Hellion x2  
Show
View Real Time Build Order
Export as new Build Order

Yourself Protoss 

Build Orders:  

Get SALT Encoding   

  12  0:02  Probe  
  13  0:14  Probe  
  14  0:22  Pylon  
  14  0:26  Probe  
  15  0:40  Probe  
  15  0:42  Gateway  
  16  0:52  Probe (Chrono Boost)  
  16  0:56  Assimilator  
  17  1:02  Probe (Chrono Boost)  
  18  1:07  Probe (Chrono Boost)  
  19  1:18  Probe  
  20  1:30  Probe  
  21  1:42  Probe  
  21  1:46  Nexus  
  22  1:49  Pylon  
  22  1:54  Probe  
  22  1:59  Cybernetics Core  
  23  2:07  Probe  
  24  2:15  Assimilator  
  24  2:19  Probe (Chrono Boost), Pylon  
  26  2:31  Probe (Chrono Boost)  
  26  2:35  Stalker (Chrono Boost), Warp Gate  
  28  2:39  Probe (Chrono Boost)  
  29  2:48  Robotics Facility  
  29  2:49  Probe  
  29  3:01  Probe  
  28  3:15  Probe x2  
  30  3:27  Probe x2  
  32  3:36  Immortal  
  32  3:39  Probe  
  37  3:42  Probe  
  38  3:55  Nexus  
  38  3:56  Probe  
  38  3:59  Probe  
  40  4:08  Probe  
  40  4:09  Assimilator  
  41  4:11  Probe  
  41  4:13  Sentry  
  44  4:20  Probe  
  44  4:23  Probe  
  46  4:32  Immortal (Chrono Boost)  
  46  4:37  Probe  
  46  4:38  Probe  
  52  4:39  Pylon  
  52  4:48  Stalker  
  54  4:57  Probe x2  
  54  4:58  Assimilator  
  56  5:03  Observer (Chrono Boost)  
  57  5:07  Twilight Council  
  57  5:09  Probe x2, Forge  
  57  5:10  Probe  
  57  5:11  Forge  
  60  5:19  Stalker  
  60  5:21  Probe x2  
  64  5:33  Gateway  
  64  5:35  Gateway  
  64  5:58  Shield Battery  
  64  5:59  Stalker  
  64  6:03  Blink (Chrono Boost)  
  66  6:06  Protoss Ground Weapons Level 1 (Chrono Boost), Protoss Ground Armor Level 1 (Chrono Boost)  
  66  6:10  Immortal  
  70  6:23  Probe x3  
  73  6:33  Stalker x2  
  73  6:34  Photon Cannon  
  77  6:45  Pylon  
  77  6:54  Photon Cannon  
  77  7:03  Probe x3, Immortal  
  77  7:04  Pylon  
  84  7:09  Assimilator  
  84  7:12  Pylon  
  84  7:15  Probe  
  85  7:22  Probe x2  
  87  7:24  Pylon  
  87  7:27  Stalker, Probe  
  87  7:28  Stalker  
  92  7:34  Probe x2  
  94  7:37  Stalker  
  94  7:42  Charge (Chrono Boost)  
  96  7:47  Shield Battery  
  96  7:49  Pylon  
  96  7:54  Gateway, Stalker  
  96  7:55  Stalker, Pylon  
  100  8:00  Gateway  
  100  8:02  Gateway  
  100  8:04  Gateway  
  100  8:05  Photon Cannon  
  100  8:06  Photon Cannon  
  100  8:19  Protoss Ground Weapons Level 2 (Chrono Boost)  
  100  8:21  Protoss Shields Level 1 (Chrono Boost), Stalker x3  
  106  8:28  Immortal (Chrono Boost)  
  110  8:42  Gateway  
  110  8:43  Gateway, Probe x2  
  110  8:44  Probe  
  110  8:45  Gateway  
  113  8:52  Stalker  
  113  8:53  Assimilator, Stalker x3  
  121  8:55  Probe  
  121  8:56  Probe x2  
  124  9:15  Pylon  
  124  9:16  Pylon  
  124  9:17  Pylon x2  
  124  9:22  Probe  
  125  9:33  Probe x2, Warp Prism  
  125  9:34  Probe  
  130  9:39  Pylon  
  130  9:44  Pylon  
  130  9:46  Probe x3  
  133  9:53  Stalker x9  
  133  9:58  Probe x3  
  154  10:02  Stalker  
  154  10:09  Immortal  
  158  10:17  Protoss Ground Armor Level 2 (Chrono Boost)  
  158  10:49  Immortal  
  162  11:03  Nexus  
  162  11:05  Pylon  
  162  11:07  Pylon  
  162  11:09  Pylon  
  162  11:11  Pylon  
  162  11:16  Zealot x2  
  162  11:17  Zealot x3  
  172  11:28  Immortal  
  176  11:33  Zealot x5  
  176  11:36  Protoss Ground Weapons Level 3 (Chrono Boost)  
  176  11:38  Zealot x5  
  192  12:07  Immortal  
  186  12:11  Probe x2  
  186  12:12  Probe  
  183  12:23  Probe  
  183  12:24  Probe  
  185  12:31  Stalker x8  
  197  12:40  Zealot  
  197  12:41  Photon Cannon  
  197  12:44  Protoss Ground Armor Level 3 (Chrono Boost), Photon Cannon x2  
  197  12:45  Shield Battery  
  197  12:48  Photon Cannon  
  197  12:49  Shield Battery  
  193  12:53  Shield Battery  
  193  13:09  Stalker x2  
  193  13:10  Stalker  
  167  14:02  Stalker x8  
  179  14:03  Stalker x2  
  179  14:08  Protoss Shields Level 2 (Chrono Boost)  
  187  14:30  Zealot  
  187  14:31  Zealot x5  
  199  14:42  Zealot  
  193  15:12  Zealot x2  
  193  15:13  Zealot  
  187  15:36  Zealot x4  
  187  15:37  Zealot x2  
  185  15:56  Warp Prism  
  187  16:04  Pylon  
  187  16:10  Gateway  
  187  16:11  Gateway  
  187  16:12  Gateway x2  
  187  16:13  Gateway  
  187  16:15  Pylon  
  185  17:13  Stargate x2  
  185  17:17  Stargate  
  185  17:19  Stargate  
  183  17:32  Protoss Air Weapons Level 1 (Chrono Boost)  
  147  17:53  Stalker x6  
  147  17:54  Stalker x7  
  147  17:55  Stalker x2  
  152  18:20  Zealot x5  
  152  18:21  Zealot x8  
  152  18:22  Zealot x2  
  160  18:46  Fleet Beacon  
  152  18:48  Stargate  
  152  18:53  Stalker x6  
  152  18:54  Stalker x9  
  178  19:19  Zealot x6  
  172  19:29  Tempest (Chrono Boost)  
  172  19:30  Tempest x4 (Chrono Boost)  
  167  20:05  Tempest x3  
  167  20:06  Tempest  
  187  20:45  Tempest  
  187  20:48  Tempest  
  197  20:55  Tempest (Chrono Boost)  
  179  21:16  Tempest x2 (Chrono Boost)  
  187  21:28  Tempest (Chrono Boost)  
  195  21:34  Tempest (Chrono Boost)  
  195  21:35  Tempest (Chrono Boost)  
  200  22:02  Cybernetics Core  
  175  22:28  Tempest x3  
  178  22:37  Observer (Chrono Boost)  
  179  22:51  Observer (Chrono Boost)  
  174  22:52  Photon Cannon  
  175  23:08  Tempest  
  175  23:09  Tempest  
Show
View Real Time Build Order
Export as new Build Order

mmun Zerg 

Build Orders: Hatch First, Lurkers 

Get SALT Encoding   

  12  0:00  Drone  
  13  0:13  Overlord  
  13  0:19  Drone  
  14  0:31  Drone x2  
  16  0:49  Hatchery  
  15  0:55  Drone  
  15  0:56  Drone  
  17  1:00  Drone  
  18  1:09  Extractor  
  17  1:15  Spawning Pool  
  16  1:21  Drone  
  16  1:22  Drone  
  18  1:28  Drone  
  19  1:40  Drone  
  20  1:54  Drone  
  21  2:02  Queen x2  
  21  2:03  Drone x2  
  27  2:18  Hatchery  
  27  2:22  Drone  
  27  2:24  Drone  
  28  2:38  Pneumatized Carapace  
  28  2:49  Overlord x2  
  28  3:10  Drone x9  
  28  3:12  Lair  
  39  3:20  Drone x3  
  39  3:23  Extractor  
  39  3:25  Extractor  
  38  3:28  Extractor  
  38  3:32  Drone x4  
  41  3:53  Drone  
  41  3:54  Drone x6  
  41  3:55  Drone x2  
  50  4:10  Hydralisk Den  
  50  4:11  Infestation Pit  
  50  4:13  Overlord x3  
  48  4:17  Overseer  
  48  4:54  Overlord  
  48  4:55  Overlord  
  48  4:57  Hive  
  48  5:00  Drone  
  48  5:02  Lurker Den, Drone x2  
  48  5:03  Drone  
  48  5:04  Hydralisk x2  
  48  5:05  Hydralisk x5  
  65  5:14  Hydralisk  
  65  5:15  Hydralisk  
  69  5:21  Hydralisk x3  
  69  5:28  Hydralisk  
  77  5:36  Hydralisk  
  77  5:37  Hydralisk  
  81  5:58  Overlord x3  
  81  5:59  Overlord x3  
  81  6:02  Lurker  
  82  6:12  Seismic Spines  
  82  6:27  Lurker  
  83  6:36  Hydralisk  
  83  6:37  Hydralisk x2  
  89  6:44  Hatchery  
  88  7:06  Lurker x3  
  91  7:09  Drone x10, Adaptive Talons  
  91  7:14  Drone x2  
  103  7:16  Evolution Chamber  
  103  7:18  Evolution Chamber  
  101  7:31  Drone x7  
  106  7:48  Drone x5  
  111  7:53  Zerg Missile Weapons Level 1, Zerg Ground Armor Level 1  
  111  8:01  Extractor  
  110  8:06  Overlord  
  110  8:22  Extractor  
  109  8:29  Hydralisk x13  
  135  8:36  Overlord  
  135  8:48  Overlord x6  
  135  8:50  Spine Crawler  
  135  8:51  Spine Crawler x2  
  135  8:52  Queen, Spine Crawler x3  
  135  8:53  Spine Crawler  
  135  8:54  Spine Crawler  
  135  8:55  Spine Crawler  
  128  8:56  Spine Crawler  
  128  9:01  Hydralisk x3  
  134  9:10  Hydralisk x3  
  134  9:14  Hydralisk  
  134  9:16  Lurker x2  
  134  9:17  Lurker, Hatchery  
  145  9:18  Lurker  
  145  9:24  Hydralisk x2  
  145  9:29  Hydralisk  
  148  9:47  Hydralisk  
  148  9:48  Hydralisk x5  
  145  9:54  Hydralisk  
  145  9:55  Hydralisk  
  141  10:04  Hydralisk x3  
  141  10:12  Hydralisk x2  
  138  10:22  Zerg Missile Weapons Level 2  
  126  10:38  Hydralisk x6  
  126  10:42  Hydralisk  
  136  10:48  Hydralisk  
  138  10:52  Hydralisk  
  138  10:55  Hydralisk  
  138  10:59  Drone  
  138  11:00  Drone x3  
  140  11:15  Hydralisk x3  
  137  11:25  Lurker x4  
  138  11:32  Queen, Overseer  
  138  11:35  Spine Crawler  
  139  11:40  Extractor  
  139  11:41  Extractor  
  139  11:42  Viper  
  140  11:50  Viper  
  143  12:01  Drone  
  143  12:02  Drone x6  
  143  12:04  Queen  
  152  12:13  Zerg Ground Armor Level 2  
  143  12:49  Hydralisk  
  143  12:50  Hydralisk x10  
  158  13:12  Hydralisk x5  
  135  13:13  Hydralisk  
  142  13:28  Hatchery  
  141  13:44  Drone x2  
  141  13:45  Drone x5  
  148  13:54  Viper  
  148  13:55  Viper x2  
  157  14:10  Zerg Missile Weapons Level 3  
  157  14:13  Muscular Augments  
  157  14:32  Hydralisk  
  157  14:33  Hydralisk x6  
  171  15:01  Spire x2  
  169  15:24  Grooved Spines  
  169  15:26  Hatchery  
  134  16:23  Corruptor x6  
  134  16:24  Corruptor x10  
  143  16:28  Zergling x6  
  143  16:29  Drone  
  143  16:30  Drone x19  
  143  16:31  Drone  
  163  16:36  Zerg Flyer Weapons Level 1  
  160  16:54  Evolution Chamber  
  160  16:55  Evolution Chamber  
  160  16:57  Spine Crawler  
  160  16:59  Corruptor  
  160  17:00  Corruptor x3, Spine Crawler  
  164  17:07  Zerg Flyer Armor Level 1  
  164  17:17  Corruptor  
  164  17:19  Corruptor  
  164  17:20  Extractor  
  164  17:21  Extractor  
  166  17:30  Corruptor  
  168  17:38  Corruptor  
  165  17:50  Zergling x2  
  165  17:51  Zergling x52  
  173  17:52  Zergling x4  
  175  18:04  Spine Crawler  
  175  18:05  Spine Crawler  
  171  18:13  Metabolic Boost  
  155  18:31  Corruptor  
  155  18:32  Corruptor x2  
  156  18:45  Spore Crawler x2  
  156  18:47  Spore Crawler  
  153  18:48  Spore Crawler  
  153  18:50  Spore Crawler  
  153  18:54  Spore Crawler x2  
  153  18:55  Spore Crawler  
  147  18:58  Corruptor x3  
  153  19:03  Spine Crawler  
  153  19:04  Spine Crawler  
  153  19:06  Spine Crawler  
  153  19:08  Extractor x2  
  134  19:31  Adrenal Glands  
  134  19:32  Greater Spire  
  134  19:35  Corruptor  
  134  19:36  Corruptor  
  137  19:39  Zergling x8  
  137  19:40  Zergling x24  
  149  20:00  Corruptor x2  
  131  20:17  Spore Crawler x2  
  131  20:18  Spore Crawler  
  103  20:56  Corruptor  
  99  20:57  Corruptor x2  
  105  21:08  Zergling x8  
  105  21:09  Zergling x18  
  92  21:33  Spire  
  83  22:16  Overlord x5  
  83  22:17  Overlord  
  51  22:42  Corruptor x4  
  39  23:02  Corruptor x2  
Show
View Real Time Build Order
Export as new Build Order

FAir Protoss 

Build Orders: 1 Gate Expand, Blink Stalkers 

Get SALT Encoding   

  12  0:00  Probe  
  13  0:12  Probe  
  14  0:19  Pylon  
  14  0:24  Probe  
  15  0:37  Probe (Chrono Boost)  
  16  0:44  Gateway  
  16  0:48  Probe (Chrono Boost)  
  16  0:49  Assimilator  
  17  0:53  Probe (Chrono Boost)  
  18  1:03  Probe  
  19  1:16  Probe  
  20  1:31  Nexus  
  20  1:41  Cybernetics Core  
  20  1:42  Probe  
  20  1:46  Assimilator  
  21  1:54  Pylon  
  21  1:59  Probe  
  22  2:16  Adept (Chrono Boost)  
  22  2:20  Twilight Council  
  22  2:21  Probe  
  24  2:27  Warp Gate  
  24  2:34  Probe (Chrono Boost)  
  26  2:44  Probe (Chrono Boost)  
  26  2:46  Probe (Chrono Boost)  
  27  2:53  Probe (Chrono Boost)  
  27  2:54  Probe (Chrono Boost)  
  27  2:56  Blink (Chrono Boost)  
  29  2:58  Probe (Chrono Boost)  
  29  3:00  Probe  
  31  3:10  Probe  
  31  3:12  Probe  
  33  3:22  Probe (Chrono Boost)  
  33  3:26  Probe (Chrono Boost)  
  33  3:28  Robotics Facility  
  33  3:31  Gateway  
  34  3:34  Probe (Chrono Boost)  
  34  3:36  Pylon  
  34  3:37  Stalker  
  34  3:41  Probe (Chrono Boost)  
  37  3:42  Probe (Chrono Boost)  
  39  3:48  Probe  
  39  3:49  Probe  
  40  4:00  Probe  
  40  4:01  Assimilator  
  41  4:05  Assimilator  
  41  4:06  Gateway, Probe  
  41  4:09  Gateway  
  42  4:12  Probe  
  42  4:15  Observer  
  44  4:18  Probe  
  44  4:20  Robotics Bay  
  45  4:24  Probe  
  45  4:31  Probe  
  47  4:36  Probe  
  48  4:42  Pylon, Observer  
  48  4:43  Probe  
  48  4:44  Pylon  
  50  4:49  Probe  
  51  4:54  Stalker, Robotics Facility  
  51  4:55  Probe  
  51  4:58  Pylon  
  54  5:00  Pylon  
  54  5:01  Probe  
  54  5:06  Shield Battery  
  55  5:10  Probe  
  55  5:12  Stalker x3  
  55  5:14  Probe, Disruptor  
  66  5:21  Pylon  
  66  5:23  Probe  
  66  5:24  Gateway  
  67  5:29  Pylon  
  67  5:33  Stalker  
  69  5:37  Stalker x2  
  73  5:49  Stalker, Cybernetics Core  
  73  6:11  Disruptor x2  
  73  6:12  Pylon  
  73  6:14  Pylon  
  73  6:15  Probe  
  80  6:20  Gateway  
  80  6:21  Pylon  
  80  6:23  Gateway  
  80  6:25  Stalker x2  
  84  6:31  Probe  
  84  6:32  Probe  
  86  6:36  Stalker  
  88  6:43  Probe  
  88  6:45  Disruptor (Chrono Boost)  
  89  6:47  Disruptor (Chrono Boost)  
  95  6:59  Charge  
  95  7:02  Gateway  
  95  7:04  Gateway  
  95  7:12  Disruptor  
  98  7:16  Colossus  
  104  7:30  Nexus, Probe x2  
  104  7:31  Extended Thermal Lance, Pylon  
  104  7:36  Forge  
  106  7:48  Probe x2  
  108  7:52  Assimilator  
  108  7:55  Colossus (Chrono Boost)  
  108  7:57  Assimilator  
  114  8:00  Shield Battery, Probe x2  
  116  8:14  Stalker x3  
  116  8:17  Protoss Ground Weapons Level 1 (Chrono Boost), Pylon  
  122  8:21  Probe x2  
  122  8:26  Forge  
  124  8:32  Colossus (Chrono Boost)  
  124  8:33  Probe  
  131  8:44  Stalker x2  
  131  8:46  Probe x2  
  137  8:50  Probe  
  138  9:01  Photon Cannon  
  138  9:03  Photon Cannon  
  138  9:04  Protoss Ground Armor Level 1 (Chrono Boost)  
  138  9:07  Colossus  
  144  9:15  Shield Battery  
  144  9:23  Stalker x3  
  150  9:30  Colossus  
  154  9:52  Zealot x3  
  145  10:05  Zealot x5  
  126  10:16  Zealot x3  
  130  10:32  Stalker x4  
  126  10:56  Stalker x7  
  133  11:04  Nexus  
  133  11:05  Protoss Ground Armor Level 2 (Chrono Boost), Protoss Ground Weapons Level 2 (Chrono Boost)  
  133  11:27  Probe x3  
  136  11:44  Pylon  
  136  11:46  Stalker x6  
  148  11:49  Pylon  
  148  11:51  Pylon  
  148  11:53  Pylon  
  146  11:59  Assimilator  
  146  12:02  Assimilator  
  146  12:03  Colossus  
  146  12:05  Pylon  
  152  12:14  Disruptor  
  155  12:25  Stalker x5  
  163  12:54  Stalker x7  
  163  12:55  Stalker  
  131  14:07  Stalker x6  
  131  14:08  Stalker x2  
  135  14:21  Nexus, Protoss Ground Armor Level 3 (Chrono Boost)  
  135  14:26  Assimilator, Pylon  
  135  14:27  Pylon  
  135  14:28  Assimilator  
  135  14:31  Protoss Ground Weapons Level 3 (Chrono Boost)  
  135  14:34  Zealot x6  
  145  15:06  Stalker x4  
  153  15:11  Templar Archives  
  151  15:25  Probe x3  
  152  15:32  Probe  
  147  15:37  Probe x2  
  114  16:18  Stalker x7  
  122  16:20  Probe x2  
  124  16:42  High Templar x7  
  124  16:43  High Templar  
  124  16:46  Probe x2  
  124  16:47  Probe  
  143  16:51  Archon  
  143  16:52  Archon x3  
  143  16:59  Disruptor x2  
  149  17:08  Protoss Shields Level 1 (Chrono Boost)  
  149  17:16  High Templar x8  
  149  17:20  Archon  
  149  17:21  Archon x3  
  156  17:55  High Templar x8  
  170  18:00  Archon x2  
  170  18:01  Archon x2  
  112  18:55  Stalker x8  
  108  19:35  Zealot x8  
  93  20:02  Stalker x2  
  93  20:03  Stalker x6  
  84  20:35  Stalker x8  
  84  21:09  Cybernetics Core  
  84  21:11  Gateway  
  84  21:12  Gateway  
  84  21:16  Gateway  
  84  21:18  Gateway  
  84  21:19  Gateway  
  84  21:31  Gateway  
  84  21:34  Gateway  
  84  21:39  Pylon  
  82  21:41  Pylon  
  82  21:44  Pylon  
  82  21:47  Pylon  
  82  21:59  Stalker x4  
  54  22:35  Stalker x7  
  54  22:36  Stalker x4  
  74  22:44  Observer (Chrono Boost)  
  74  22:49  Observer (Chrono Boost)  
  76  23:01  Disruptor (Chrono Boost)  
  76  23:02  Stalker  
  76  23:04  Disruptor (Chrono Boost)  
  84  23:08  Stalker  
Tags
 
Add a new tag
Caveats
  • Supply blocks, unpowered buildings, or Contaminate may cause inaccurate times.
  • Supply counts are checked every 10 seconds.